 Dungeon Crawl Stone Soup version 0.29.1-2-gbd0b4ee654 (webtiles) character file.

Game seed: 3159928340463872141

124 MTVSty1e the Chopper (level 4, 0/41 HPs)
             Began as a Minotaur Fighter on Oct 24, 2022.
             Killed by nerve-wracking pain
             ... invoked by Grinder
              (7 damage)
             ... on level 3 of the Dungeon.
             The game lasted 00:01:52 (2173 turns).

MTVSty1e the Chopper (Minotaur Fighter)             Turns: 2173, Time: 00:01:53

Health: 0/41       AC: 11    Str: 22    XL:     4   Next: 81%
Magic:  3/3        EV:  9    Int:  5    God:
Gold:   122        SH:  4    Dex: 10    Spells: 3/3 levels left

rFire   x . .      SeeInvis .   a - +0 war axe
rCold   + + .      Faith    .   c - +0 buckler
rNeg    . . .      Spirit   .   i - +0 ice dragon scales
rPois   .          Reflect  .   (helmet restricted)
rElec   .          Harm     .   f - +0 cloak
rCorr   .          Rampage  .   (no gloves)
Will    .....                   (no boots)
Stlth   ..........              (no amulet)
HPRegen 0.13/turn               (no ring)
MPRegen 0.08/turn               (no ring)

@: mighty
A: horns 2, retaliatory headbutt
a: no special abilities


You were on level 3 of the Dungeon.
You visited 1 branch of the dungeon, and saw 3 of its levels.

You collected 122 gold pieces.

Inventory:

Hand Weapons
 a - a +0 war axe (weapon)
Armour
 b - a +0 scale mail
 c - a +0 buckler (worn)
 f - a +0 cloak (worn)
 i - +0 ice dragon scales (worn)
Jewellery
 e - an amulet of magic regeneration
Scrolls
 g - 4 scrolls of teleportation {unknown}
 l - a scroll of noise {unknown}
 m - a scroll of identify {unknown}
Potions
 h - a potion of curing {unknown}
 j - a potion of haste {unknown}
 k - a potion of heal wounds {unknown}
 n - a potion of attraction {unknown}
 o - 2 potions of flight {unknown}


   Skills:
 + Level 4.8 Fighting
 * Level 5.2 Axes
 - Level 3.6 Armour
 - Level 3.6 Shields


You had 3 spell levels left.
You didn't know any spells.
Your spell library was empty.

Dungeon Overview and Level Annotations

Branches:
Dungeon (3/15)

Altars:

Annotations:
D:3 Grinder


Innate Abilities, Weirdness & Mutations

You have a pair of horns on your head.
You reflexively headbutt those who attack you in melee.


Message History

You block Grinder's attack.
You barely miss Grinder. Grinder gestures at you.
Pain shoots through your body!
You slash Grinder! Your headbutt misses Grinder.
Grinder is moderately wounded.
Grinder barely misses you.
Grinder zaps a wand.
You resist with some effort.
You closely miss Grinder.
Grinder is moderately wounded.
Grinder hits you.
You writhe in agony.
You are too injured to fight recklessly!
You are too injured to fight recklessly!
You are too injured to fight recklessly!
You are too injured to fight recklessly!
You are too injured to fight recklessly!
You are too injured to fight recklessly!
You feel very mighty all of a sudden. Grinder hits you but does no damage.
You hit Grinder.
Grinder is moderately wounded.
Grinder misses you.
You closely miss Grinder.
Grinder is moderately wounded.
Grinder blinks!
Grinder is nearby!
Grinder hits you.
You are too injured to fight recklessly!
You are too injured to fight recklessly!
You are too injured to fight recklessly!
You are too injured to fight recklessly!
You closely miss Grinder. You headbutt Grinder!
Grinder is heavily wounded.
Grinder gestures at you. Pain shoots through your body!
* * * LOW HITPOINT WARNING * * *
You completely miss Grinder. You headbutt Grinder!
Grinder is almost dead.
Grinder gestures at you. Pain shoots through your body!
You die...

#.#..###................
...... .....#.###..#...#.
#.#..###.#.#.##.........
##.......................
......$..................
.....#.#.#.#.##...#.....
.###.#.#.#.#.#..........
.#####.#5#)#.#...#.....#..
......)).@......###...###.
.#####.#.###.#...#..#..#.
#.#.......#.........
#.#####.####.## ## ..


You could see Grinder.

Vanquished Creatures
  3 adders
  4 gnolls (D:3)
  3 dart slugs
  8 ball pythons
  4 bats (D:1)
  4 endoplasms
  2 giant cockroaches
  3 goblins (D:1)
  5 hobgoblins
  3 jackals (D:2)
  2 quokkas
  A frilled lizard (D:1)
  6 kobolds
  5 rats
53 creatures vanquished.

Notes
Turn   | Place    | Note
-------+----------+-------------------------------------------
     0 | D:1      | MTVSty1e the Minotaur Fighter began the quest for the Orb.
     0 | D:1      | Reached XP level 1. HP: 19/19 MP: 0/0
   146 | D:1      | Reached skill level 3 in Axes
   151 | D:1      | Reached XP level 2. HP: 21/27 MP: 1/1
   770 | D:1      | Reached XP level 3. HP: 28/33 MP: 2/2
  1208 | D:2      | Reached skill level 4 in Axes
  1780 | D:2      | Reached XP level 4. HP: 37/37 MP: 3/3
  2150 | D:3      | Noticed Grinder
  2151 | D:3      | Reached skill level 5 in Axes
  2173 | D:3      | Killed from afar by Grinder

Illustrated notes

Levels and vault maps discovered:
D:1:      zaba_arrival_water, layout_loops_ring
D:2:      layout_basic
D:3:      layout_basic, mrwooster_statue_mirror, minmay_strange_pillars,
          serial_park_tiny_1, uniq_grinder, uniq_crazy_yiuf_cottage,
          uniq_jessica

Skill      XL: |  1  2  3  4 |
---------------+-------------+-----
Axes           | 3 4 5 |  5.2
Fighting       | 4 |  4.8
Armour         | |  3.6
Shields        | |  3.6

Action                   |  1- 3 |  4- 6 || total
-------------------------+-------+-------++-------
Melee: War axe           |   111 |    27 ||   138
       Headbutt          |    10 |     6 ||    16
  Use: Potion            |       |     1 ||     1
Armor: Scale mail        |    22 |       ||    22
       Ice dragon scales |    38 |    15 ||    53
Dodge: Dodged            |    56 |    11 ||    67
Block: Buckler           |    29 |    10 ||    39
